 Dungeon Crawl Stone Soup version 0.19-a0-157-gbc558dc (webtiles) character file.

89 Kidiri the Firebug (level 4, -16/28 HPs)
             Began as a High Elf Fire Elementalist on May 20, 2016.
             Was an Initiate of Vehumet.
             Demolished by an ogre
             ... wielding a +0 giant spiked club
              (21 damage)
             ... on level 4 of the Dungeon.
             The game lasted 00:07:48 (3670 turns).

Kidiri the Firebug (High Elf Fire Elementalist)     Turns: 3670, Time: 00:07:49

Health: -16/28     AC:  3    Str:  7    XL:     4   Next: 31%
Magic:  2/9        EV:  7    Int: 19    God:    Vehumet [......]
Gold:   96         SH:  0    Dex: 16    Spells: 4 memorised, 0 levels left

rFire  + . .     SeeInvis .     l - +0 spear (flame)
rCold  x . .     Gourm    .     h - +0 leather armour
rNeg   . . .     Faith    .     (no shield)
rPois  .         Spirit   .     (no helmet)
rElec  .         Dismiss  .     (no cloak)
rCorr  .         Reflect  .     (no gloves)
SustAt .         Harm     .     (no boots)
MR     .....                    (no amulet)
Stlth  ++........               (no ring)
                                q - ring of fire

@: very slightly contaminated, not resistant to hostile enchantments, unstealthy
A: no striking features
a: Renounce Religion


You were on level 4 of the Dungeon.
You worshipped Vehumet.
Vehumet was noncommittal.
You were not hungry.

You visited 1 branch of the dungeon, and saw 4 of its levels.

You collected 96 gold pieces.

Inventory:

Hand Weapons
 l - a +0 spear of flaming (weapon)
Armour
 a - a +0 robe
 h - a +0 leather armour (worn)
Jewellery
 q - a ring of fire (left hand)
Wands
 f - a wand of random effects (37/48)
Scrolls
 d - 2 scrolls of teleportation {unknown}
 e - 4 scrolls of identify {unknown}
 g - 3 scrolls of remove curse {unknown}
 i - 2 scrolls of enchant armour {unknown}
 j - a scroll of immolation {unknown}
 k - 2 scrolls of recharging {unknown}
 o - a scroll of fear {unknown}
 r - 2 scrolls of fog {unknown}
 u - a scroll of random uselessness {unknown}
Potions
 m - 2 potions of lignification {unknown}
 n - 2 potions of resistance {unknown}
 p - 2 potions of curing {unknown}
 t - a potion of cancellation {unknown}
Books
 b - a book of Flames

   Spells                             Type                      Level
   a - Flame Tongue                   Conjuration/Fire             1
   b - Throw Flame                    Conjuration/Fire             2
   c - Conjure Flame                  Conjuration/Fire             3
   d - Inner Flame                    Hexes/Fire                   3
   e - Sticky Flame                   Conjuration/Fire             4
   f - Fireball                       Conjuration/Fire             5
 y - Sif Muna's Reference Book on the Voyage
   (You found it on level 4 of the Dungeon)

   Spells                             Type                      Level
   a - Apportation                    Translocation                1
Comestibles
 c - 3 bread rations
 s - a royal jelly
 w - 2 meat rations
 x - a beef jerky


   Skills:
 + Level 1.0 Fighting
 + Level 0.6 Armour
 * Level 2.8 Dodging
 - Level 2.1 Stealth
 * Level 3.0 Spellcasting
 + Level 2.1 Conjurations
 + Level 0.4 Hexes
 * Level 3.7 Fire Magic


You couldn't memorise any spells.
You knew the following spells:

 Your Spells              Type           Power        Failure   Level  Hunger
a - Flame Tongue          Conj/Fire      ###..        10%         1    None
b - Throw Flame           Conj/Fire      ###...       12%         2    ##.....
c - Conjure Flame         Conj/Fire      ###.....     21%         3    ###....
d - Inner Flame           Hex/Fire       ###.....     34%         3    ###....


Dungeon Overview and Level Annotations

Branches:
Dungeon (4/15)
 Temple: D:4-7

Altars:
Elyvilon
Kikubaaqudgha
Sif Muna
Vehumet

Shops:
D:4 ?


Message History

Aim: a gnoll sergeant, wielding a spear of freezing and wearing a ring mail (chance to defeat MR: 71%)
Okay, then.
The gnoll sergeant throws a tomahawk.
The tomahawk hits you.
You see here a tomahawk.
Casting: Inner Flame
Confirm with . or Enter, or press ? or * to list all spells.
Aiming: Conjure Flame
Press: ? - help, Dir - move target cursor You feel a surge of power!
You miscast Conjure Flame.
Nothing appears to happen.
The gnoll sergeant throws a tomahawk.
The tomahawk hits you.
The gnoll sergeant throws a tomahawk.
The tomahawk hits you.
* * * LOW HITPOINT WARNING * * *
You see here a tomahawk.
An ogre comes into view. It is wielding a giant spiked club.
The ogre shouts!
There is a stone staircase leading up here.
The ogre hits you with a giant spiked club!!
Ouch! That really hurt!
You die...

## #............#
##..###.(.#
.#######.)<.........###..##
####.
.......#.............#..##
##
######.................##
####.............##
#............##
##...........#
#......O...## #......@...#
##........## ##..>..#.#
#....#.## ######.# ##.#
#.## #.# ##.#


You could see an ogre.

Vanquished Creatures
  A worker ant (D:4)
  An adder (D:3)
  A worm (D:2)
  2 giant geckos
  An orc (D:4)
  2 ball pythons (D:3)
  8 bats
  4 giant cockroaches (D:1)
  5 goblins
  4 hobgoblins (D:1)
  3 jackals (D:1)
  A quokka (D:3)
  4 giant newts
  7 kobolds
  4 rats (D:1)
48 creatures vanquished.

Notes
Turn   | Place    | Note
--------------------------------------------------------------
     0 | D:1      | Kidiri the High Elf Fire Elementalist began the quest for the Orb.
     0 | D:1      | Reached XP level 1. HP: 11/11 MP: 4/4
   506 | D:1      | Reached XP level 2. HP: 17/17 MP: 4/6
   510 | D:1      | Learned a level 2 spell: Throw Flame
  1155 | D:1      | Reached XP level 3. HP: 20/22 MP: 5/8
  1163 | D:1      | Learned a level 3 spell: Inner Flame
  2305 | D:3      | HP: 1/22 [poisoned by an adder]
  2601 | D:3      | Reached skill level 1 in Fighting
  3192 | D:4      | Found Qepimem's Magic Scroll Boutique.
  3256 | D:4      | Found a white marble altar of Elyvilon.
  3269 | D:4      | Reached XP level 4. HP: 28/28 MP: 4/9
  3277 | D:4      | Learned a level 3 spell: Conjure Flame
  3350 | D:4      | Found a deep blue altar of Sif Muna.
  3351 | D:4      | Found an ancient bone altar of Kikubaaqudgha.
  3534 | D:4      | Found a radiant altar of Vehumet.
  3539 | D:4      | Identified Sif Muna's Reference Book on the Voyage
  3548 | D:4      | Became a worshipper of Vehumet
  3645 | D:4      | Noticed a gnoll sergeant
  3664 | D:4      | Noticed an ogre
  3670 | D:4      | Demolished by an ogre

Vault maps used:
D:1:      lemuel_arrival_river_bridge
D:3:      first_bread
D:4:      grunt_temple_overflow_magic_moments, nicolae_ashenzari_panopticon,
          nicolae_overflow_crystal_walls, serial_shops, shop

Skill      XL: |  1  2  3 |
---------------+----------+-----
Conjurations   | 2 |  2.1
Fighting       | 1 |  1.0
Spellcasting   | 3 |  3.0
Armour         | |  0.6
Dodging        | |  2.8
Stealth        | |  2.1
Hexes          | |  0.4
Fire Magic     | |  3.7

Action                   |  1- 3 |  4- 6 || total
-------------------------+-------+-------++-------
Melee: Club              |    29 |       ||    29
       Dagger            |    21 |       ||    21
       Spear             |    31 |     6 ||    37
 Cast: Flame Tongue      |    49 |     5 ||    54
       Throw Flame       |     6 |     1 ||     7
       Conjure Flame     |       |     1 ||     1
 Stab: Sleeping          |     7 |       ||     7
  Eat: Chunk             |     7 |     2 ||     9
Armor: Robe              |    24 |       ||    24
       Leather armour    |     8 |     1 ||     9
Dodge: Dodged            |    86 |     9 ||    95
